 Dungeon Crawl Stone Soup version 0.28-a0-1206-g193881aaa2 (webtiles) character file.

Game seed: 10450869763644320815

11771 flotson the Skirmisher (level 11, 0/86 HPs)
             Began as a Demonspawn Gladiator on Dec 17, 2021.
             Was an Initiate of Gozag.
             Killed from afar by an ice statue (28 damage)
             ... with a shard of ice
             ... in an ice cave on Dec 20, 2021.
             The game lasted 00:22:42 (10582 turns).

flotson the Skirmisher (Demonspawn Gladiator)      Turns: 10582, Time: 00:22:45

Health: 0/86       AC: 18    Str: 25    XL:     11   Next: 53%
Magic:  11/11      EV: 14    Int:  9    God:    Gozag
Gold:   1085       SH: 10    Dex: 15    Spells: 10/10 levels left

rFire   x . .      SeeInvis .   a - +5 flail "Nium Kuo" {spect, Contam rElec Str+6}
rCold   + . .      Faith    .   s - +0 kite shield
rNeg    . . .      Spirit   .   l - +4 chain mail {Will+}
rPois   .          Reflect  .   c - +0 helmet
rElec   +          Harm     +   D - scarf {harm}
rCorr   .          Rampage  .   i - +0 pair of gloves
Will    +....                   h - +0 pair of boots
Stlth   ..........              M - amulet of the acrobat
HPRegen 0.24/turn               B - +4 ring of evasion
MPRegen 0.12/turn               R - ring of ice

@: no status effects
A: hooves 2, powered by death 3, powered by pain 1, demonic touch 1
a: Renounce Religion, Potion Petition, Call Merchant, Bribe Branch


You were in an ice cave.
You worshipped Gozag.
Gozag was most pleased with you.
You visited 2 branches of the dungeon, and saw 12 of its levels.
You visited the Abyss 1 time.
You also visited: Sewer and Ice Cave.

You collected 1192 gold pieces.
You paid 107 gold pieces to Gozag.

Inventory:

Hand Weapons
 a - the +5 flail "Nium Kuo" (weapon) {spect, Contam rElec Str+6}
   (You took it off an orc on level 6 of the Dungeon)

   When its wielder attacks, the weapon's spirit leaps out and strikes again.
   The spirit shares a part of any damage it takes with its wielder.
   Str:       It affects your strength (+6).
   rElec:     It insulates you from electricity.
   Contam:    It causes magical contamination when unequipped.
 b - a +0 broad axe
Missiles
 d - a throwing net
 g - 8 boomerangs
 n - 7 curare-tipped darts
 x - 8 javelins (quivered)
 K - a silver boomerang
 O - 3 silver javelins
Armour
 c - a +0 helmet (worn)
 h - a +0 pair of boots (worn)
 i - a +0 pair of gloves (worn)
 l - a +4 chain mail of willpower (worn)
 s - a +0 kite shield (worn)
 D - a scarf of harm (worn)
Jewellery
 B - a +4 ring of evasion (left hand)
 F - a +6 ring of strength
 G - a ring of see invisible
 M - an amulet of the acrobat (around neck)
 P - a +6 ring of intelligence
 R - a ring of ice (right hand)
Wands
 v - a wand of flame (4)
 N - a wand of digging (6)
Scrolls
 e - 2 scrolls of holy word {unknown}
 f - 4 scrolls of enchant weapon {unknown}
 k - a scroll of vulnerability {unknown}
 m - 2 scrolls of enchant armour {unknown}
 p - 4 scrolls of summoning {unknown}
 u - 4 scrolls of teleportation
 w - 4 scrolls of magic mapping {unknown}
 y - a scroll of acquirement {unknown}
 z - a scroll of torment {unknown}
 A - 2 scrolls of amnesia {unknown}
 C - a scroll of brand weapon {unknown}
 E - a scroll of immolation {unknown}
 Q - 3 scrolls of fear
Potions
 j - 2 potions of flight
 o - a potion of heal wounds
 q - 3 potions of haste
 r - a potion of resistance
 t - 2 potions of might
 H - 8 potions of mutation
 I - a potion of attraction {unknown}
 J - 3 potions of curing
 L - a potion of lignification
Miscellaneous
 S - a lightning rod (4/4)


   Skills:
 + Level 7.9 Fighting
 - Level 2.6(4.0) Axes
 + Level 4.6(5.0) Maces & Flails
 + Level 7.1 Throwing
 + Level 7.0 Armour
 + Level 7.5 Dodging
 + Level 5.5 Shields
 + Level 6.5 Evocations


You had 10 spell levels left.
You didn't know any spells.
Your spell library contained the following spells:

 Spells                   Type           Power      Damage    Failure   Level
 Sandblast                Erth           0%         2d4       100%        1
 Ensorcelled Hibernation  Hex/Ice        0%         N/A       100%        2
 Passwall                 Tmut/Erth      0%         N/A       100%        2
 Dazzling Flash           Conj/Hex       0%         N/A       100%        3
 Ignite Poison            Fire/Tmut/Pois 0%         N/A       100%        3
 Mephitic Cloud           Conj/Pois/Air  0%         N/A       100%        3
 Stone Arrow              Conj/Erth      0%         3d7       100%        3
 Tukima's Dance           Hex            0%         N/A       100%        3
 Agony                    Necr           0%         N/A       100%        5
 Freezing Cloud           Conj/Ice/Air   0%         6-21      100%        5
 Silence                  Hex/Air        0%         N/A       100%        5


Dungeon Overview and Level Annotations

Branches:
Dungeon (11/15)            Temple (1/1) D:4             Orc (0/2) D:9
  Sewer (visited)           IceCv (1/1)
   Lair: D:8-11

Altars:
Ashenzari
Cheibriados
Dithmenos
Elyvilon
Fedhas
Gozag
Hepliaklqana
Kikubaaqudgha
Makhleb
Nemelex Xobeh
Okawaru
Qazlal
Ru
Sif Muna
Trog
Uskayaw
Vehumet
Wu Jian
Xom
Yredelemnul
Zin
The Shining One

Annotations:
IceCv exclusion: ice statue


Innate Abilities, Weirdness & Mutations

You have hoof-like feet.
You regenerate a lot of health from kills.
You sometimes gain a little power by taking damage.
Your touch may inflict minor irresistible damage on your foes.


Message History

Your +5 flail "Nium Kuo" {spect, Contam rElec Str+6} is engulfed in freezing vapours.
You hit the ice statue.
The ice statue is moderately damaged.
Your +5 flail "Nium Kuo" {spect, Contam rElec Str+6} hits the ice statue.
You are engulfed in freezing vapours.
You resist.
Your +5 flail "Nium Kuo" {spect, Contam rElec Str+6} is engulfed in freezing vapours.
Your spectral weapon shares its damage with you!
Your +5 flail "Nium Kuo" {spect, Contam rElec Str+6} is engulfed in freezing vapours.
Your spectral weapon shares its damage with you!
The ice statue gestures.
Your +5 flail "Nium Kuo" {spect, Contam rElec Str+6} is engulfed in freezing vapours.
Your spectral weapon shares its damage with you!
The ice beast barely misses you. The ice statue gestures at you.
The freezing blast engulfs you. You resist.
Your +5 flail "Nium Kuo" {spect, Contam rElec Str+6} is engulfed in freezing vapours.
Your spectral weapon shares its damage with you!
You block the ice beast's attack.
You hit the ice statue.
The ice statue is moderately damaged.
Your +5 flail "Nium Kuo" {spect, Contam rElec Str+6} hits the ice statue!!
You are engulfed in freezing vapours.
You resist.
Your +5 flail "Nium Kuo" {spect, Contam rElec Str+6} is engulfed in freezing vapours.
Your spectral weapon shares its damage with you!
Your +5 flail "Nium Kuo" {spect, Contam rElec Str+6} is engulfed in freezing vapours.
The ice beast hits your +5 flail "Nium Kuo" {spect, Contam rElec Str+6} but does no damage.
The ice beast barely misses you.
Your +5 flail "Nium Kuo" {spect, Contam rElec Str+6} is engulfed in freezing vapours.
You sock the ice statue!
The ice statue is severely damaged.
Your +5 flail "Nium Kuo" {spect, Contam rElec Str+6} hits the ice statue!
You are engulfed in freezing vapours.
You resist.
Your +5 flail "Nium Kuo" {spect, Contam rElec Str+6} is engulfed in freezing vapours.
Your spectral weapon shares its damage with you!
Your +5 flail "Nium Kuo" {spect, Contam rElec Str+6} is engulfed in freezing vapours. x2
Your spectral weapon shares its damage with you!
The ice statue gestures at you. The shard of ice hits you!!
You partially resist.
You die...
Your body crumbles into a pile of gold.

####...####
####.........####
###.....#####.....#
##....#### ###.....#
####...### ###...
##.....## #. #.....##
###### ....###
###..Y○#### .....##
###....°@(Y○#
......###.....###8Z°°#
#...........###
##°°..# ###.........#
.... ########### ...
.# #


You could see an ice statue, 2 ice beasts, a glowing shapeshifter simulacrum and
a friendly +5 flail "Nium Kuo" {spect, Contam rElec Str+6} (summoned).

Vanquished Creatures
  Fannar (D:11)
  2 two-headed ogres
  A tengu warrior (D:11)
  A large abomination (Abyss:2)
  A cyclops (D:11)
  Maggie (D:6)
  An entropy weaver simulacrum (IceCv)
  A tengu conjurer (D:11)
  2 hornets
  A wraith (D:9)
  4 yaks
  A vampire (D:11)
  A wyvern (D:9)
  A steam dragon (D:9)
  3 vampire mosquitoes (D:10)
  A warg (D:9)
  2 acid dragons
  A water moccasin (D:7)
  Duvessa (D:6)
  2 ice beasts
  9 orc warriors
  An ugly thing simulacrum (IceCv)
  3 black bears
  2 necrophages
  4 centaurs
  3 ogres
  A phantom (D:6)
  Blork the orc (D:6)
  5 kobold brigands
  2 bullfrogs
  A glowing shapeshifter simulacrum (IceCv)
  A gnoll sergeant (D:10)
  A water moccasin zombie (D:5)
  2 scorpions
  Dowan (D:6)
  11 killer bees
  13 wights
  An electric eel (D:10)
  5 howler monkeys
  A bullfrog zombie (D:6)
  A quasit (D:6)
  5 orc priests
  A hound (D:6)
  2 jellies
  Natasha (thrice) (D:2 D:1)
  A bullfrog skeleton (D:4)
  A scorpion zombie (D:5)
  2 iguanas
  7 orc wizards
  A killer bee zombie (D:8)
  A howler monkey skeleton (D:5)
  8 gnolls
  15 adders
  A river rat (Sewer)
  12 white imps (D:11)
  2 adder skeletons
  5 worms
  24 orcs
  7 ball pythons
  13 endoplasms
  4 goblins
  6 hobgoblins
  2 jackals (D:1)
  21 kobolds
  4 quokkas
  7 bats
  A frilled lizard (D:2)
  14 rats
268 creatures vanquished.

Vanquished Creatures (others)
  A plant (D:11)
1 creature vanquished.

Grand Total: 269 creatures vanquished

Notes
Turn   | Place    | Note
-------+----------+-------------------------------------------
     0 | D:1      | flotson the Demonspawn Gladiator began the quest for the
                  | Orb.
     0 | D:1      | Reached XP level 1. HP: 16/16 MP: 1/1
   388 | D:1      | Discovered your monstrous ancestry.
   388 | D:1      | Gained mutation: Your touch may inflict minor irresistible
                  | damage on your foes. [demonic ancestry]
   388 | D:1      | Reached XP level 2. HP: 20/22 MP: 2/2
   634 | D:1      | Reached skill level 1 in Armour
   775 | D:2      | Gained mutation: You regenerate a little health from kills.
                  | [demonic ancestry]
   775 | D:2      | Reached XP level 3. HP: 28/28 MP: 3/3
   966 | D:2      | Noticed Natasha
   974 | D:2      | Killed Natasha
  1185 | D:2      | Noticed Natasha
  1205 | D:1      | Killed Natasha
  1206 | D:1      | Gained mutation: You have large cloven feet. [demonic
                  | ancestry]
  1206 | D:1      | Reached XP level 4. HP: 17/34 MP: 4/4
  1498 | D:1      | Noticed Natasha
  1503 | D:1      | Killed Natasha
  2601 | D:3      | Found a glowing drain.
  2606 | D:3      | Gained mutation: You sometimes gain a little power by
                  | taking damage. [demonic ancestry]
  2606 | D:3      | Reached XP level 5. HP: 35/41 MP: 5/5
  2619 | Sewer    | Entered a sewer
  2884 | Sewer    | Reached XP level 6. HP: 20/48 MP: 6/6
  3396 | D:3      | Found a faded altar of an unknown god.
  3736 | D:3      | Found a snail-covered altar of Cheibriados.
  3937 | D:4      | Gained mutation: You regenerate health from kills. [demonic
                  | ancestry]
  3937 | D:4      | Reached XP level 7. HP: 54/54 MP: 7/7
  4063 | D:4      | Found a staircase to the Ecumenical Temple.
  4072 | Temple   | Entered the Ecumenical Temple
  4443 | D:4      | Reached skill level 1 in Evocations
  4540 | D:4      | You fall into a shaft and drop 1 floor!
  4540 | D:5      | Entered Level 5 of the Dungeon
  5539 | D:5      | Found a broken altar of Ashenzari.
  5806 | D:5      | Gained mutation: You regenerate a lot of health from kills.
                  | [demonic ancestry]
  5806 | D:5      | Reached XP level 8. HP: 41/60 MP: 8/8
  6018 | D:6      | Noticed Duvessa
  6018 | D:6      | Noticed Dowan
  6042 | D:6      | Killed Duvessa
  6043 | D:6      | Reached skill level 5 in Fighting
  6043 | D:6      | Reached skill level 5 in Dodging
  6043 | D:6      | Reached skill level 1 in Shields
  6045 | D:6      | Killed Dowan
  6102 | D:6      | Identified the +5 flail "Nium Kuo" {spect, Contam rElec
                  | Str+6}
  6136 | D:6      | Cast into level 2 of the Abyss (unwielding a weapon of
                  | distortion)
  6189 | Abyss:2  | Noticed a large abomination
  6214 | Abyss:2  | Killed a large abomination
  6215 | Abyss:2  | Reached skill level 5 in Throwing
  6215 | Abyss:2  | Reached XP level 9. HP: 34/69 MP: 9/9
  6217 | D:6      | Escaped the Abyss
  6304 | D:6      | Noticed Blork the orc
  6311 | D:6      | Killed Blork the orc
  6341 | D:6      | Noticed Maggie
  6346 | D:6      | Killed Maggie
  6347 | D:6      | Reached skill level 5 in Armour
  6635 | D:7      | Reached skill level 1 in Maces & Flails
  6824 | D:7      | Paralysed by a hornet for 2 turns
  8056 | D:8      | Gained mutation: You have hoof-like feet. [demonic
                  | ancestry]
  8056 | D:8      | Reached XP level 10. HP: 77/77 MP: 10/10
  8226 | D:8      | Found a hide-covered altar of Uskayaw.
  8277 | D:8      | Found an opulent altar of Gozag.
  8280 | D:8      | Became a worshipper of Gozag Ym Sagoz the Greedy
  8515 | D:9      | Reached skill level 5 in Evocations
  8693 | D:9      | Found a shimmering altar of Xom.
  8796 | D:9      | Found a staircase to the Orcish Mines.
  9488 | D:10     | Entered Level 10 of the Dungeon
  9499 | D:10     | Noticed a two-headed ogre
  9506 | D:10     | Killed a two-headed ogre
  9721 | D:10     | Found a shimmering altar of Xom.
  9728 | D:10     | Found a basalt altar of Yredelemnul.
  9729 | D:10     | Upgraded the game from 0.28-a0-1184-g53156a8862 to
                  | 0.28-a0-1206-g193881aaa2
  9971 | D:10     | Reached XP level 11. HP: 84/84 MP: 11/11
 10146 | D:10     | Reached skill level 5 in Shields
 10229 | D:11     | Noticed Fannar
 10230 | D:11     | Noticed a tengu warrior
 10240 | D:11     | Killed Fannar
 10245 | D:11     | Killed a tengu warrior
 10440 | D:11     | Found a frozen archway.
 10442 | D:11     | Noticed a two-headed ogre
 10459 | D:11     | Killed a two-headed ogre
 10484 | IceCv    | Entered an ice cave
 10582 | IceCv    | Killed from afar by an ice statue

Illustrated notes

Levels and vault maps discovered:
D:1:      dpeg_arrival_round_c, layout_basic
D:2:      layout_basic, uniq_natasha
D:3:      layout_rooms, lemuel_coloured_pillars_altar,
          hellmonk_ecumenical_altar_lost_god, portal_sewer_entry_a
D:4:      layout_gridville, minmay_temple_entry_purple_smoke,
          serial_park_tiny_1, kennysheep_diamond, st_stairs_7,
          wad_rectangle_vault
D:5:      layout_loops_ring, marbit_many_paths
D:6:      layout_rooms, serial_corexii_hall, corexii_hall_statues_x,
          corexii_hall_statues_l, uniq_maggie, uniq_blork_the_orc, uniq_duvessa
D:7:      layout_basic, grunt_ministairs_3, minmay_microvault
D:8:      layout_basic, mainiacjoe_overflow_swirl
D:9:      layout_long_grid, david_orc_1_choice, kennysheep_small_circle
D:10:     layout_rooms, amethyst_overflow_temple_binary, nicolae_water_bricks
D:11:     layout_gridville, grunt_lair_entry_orc_guard_hut,
          portal_ice_cave_entry_imps, uniq_fannar, uniq_harold
Temple:   lightli_temple_of_artemis
IceCv:    ice_cave_hellmonk_azure_passage

Skill      XL: |  1  2  3  4  5  6  7  8  9 10 11 |
---------------+----------------------------------+-----
Throwing       | 2 3 4 5 6 7 |  7.1
Dodging        | 3 4 5 6 7 |  7.5
Armour         | 1 2 3 4 5 6 7 |  7.0
Fighting       | 3 4 5 6 7 |  7.9
Evocations     | 2 3 4 5 6 |  6.5
Shields        | 2 3 4 5 |  5.5
Maces & Flails | 2 3 4 |  4.6
Axes           | |  2.6

Action                   |  1- 3 |  4- 6 |  7- 9 | 10-12 || total
-------------------------+-------+-------+-------+-------++-------
Melee: War axe           |    87 |   139 |    32 |       ||   258
       Touch             |    10 |    24 |     9 |       ||    43
       Kick              |       |    28 |       |       ||    28
       Flail             |       |       |   180 |   243 ||   423
       Whip              |       |       |    27 |       ||    27
 Fire: Hand crossbow     |       |    18 |    47 |       ||    65
Throw: Throwing net      |       |       |     1 |     1 ||     2
       Javelin           |       |       |       |     7 ||     7
       Dart              |       |       |       |     1 ||     1
Evoke: Wand              |       |       |       |     1 ||     1
  Use: Scroll            |       |       |       |    11 ||    11
 Stab: Sleeping          |     1 |     2 |       |       ||     3
       Held in net/web   |       |       |     1 |     2 ||     3
       Distracted        |       |       |     1 |     3 ||     4
Armor: Leather armour    |    34 |     2 |       |       ||    36
       Ring mail         |       |    43 |    78 |       ||   121
       Chain mail        |       |       |    54 |    81 ||   135
Dodge: Dodged            |    66 |    92 |   163 |   175 ||   496
Block: Buckler           |       |       |    10 |       ||    10
       Kite shield       |       |       |    64 |   135 ||   199

Table legend: (Time is in decaauts)
 A = Elapsed time spent in this place.
 B = Non-inter-level travel time spent in this place.
 C = Inter-level travel time spent in this place.
 D = Time resting spent in this place.
 E = Time spent auto-exploring this place.
 F = Levels seen in this place.
 G = Mean time per level.
                   A        B        C        D        E       F      G
               +--------+--------+--------+--------+--------+-----+--------+
         Total |  10963 |  10321 |    642 |    425 |   7365 |  15 |  730.9 |
       Dungeon |   9864 |   9231 |    633 |    425 |   6722 |  11 |  896.7 |
        Temple |    143 |    134 |      9 |      0 |     81 |   1 |  143.0 |
         Abyss |     82 |     82 |      0 |      0 |      0 |   1 |   82.0 |
         Sewer |    770 |    770 |      0 |      0 |    491 |   1 |  770.0 |
      Ice Cave |    102 |    102 |      0 |      0 |     70 |   1 |  102.0 |
               +--------+--------+--------+--------+--------+-----+--------+

Top non-repeatable levels by time:
     D:1: 1978 daAuts
     D:9: 1074 daAuts
     D:5: 1070 daAuts
     D:4: 990 daAuts
     D:6: 822 daAuts
     D:7: 774 daAuts
   Sewer: 770 daAuts
     D:2: 738 daAuts
    D:10: 725 daAuts
     D:3: 707 daAuts
     D:8: 659 daAuts
    D:11: 321 daAuts
  Temple: 143 daAuts
   IceCv: 102 daAuts
 Abyss:2: 82 daAuts
